 Dungeon Crawl Stone Soup version 0.23.2-1-ga50397a (webtiles) character file.

Game seed: 5197941363604535446

452 Fang the Skirmisher (level 7, -3/44 HPs)
             Began as a Gargoyle Berserker on May 6, 2019.
             Was a Priest of Trog.
             Slain by an iguana (10 damage)
             ... on level 4 of the Dungeon.
             The game lasted 00:03:28 (2967 turns).

Fang the Skirmisher (Gargoyle Berserker)            Turns: 2967, Time: 00:03:29

Health: -3/44      AC:  7    Str: 22    XL:     7   Next: 4%
Magic:  7/7        EV: 13    Int:  8    God:    Trog [***...]
Gold:   112        SH:  0    Dex:  9    Spells: 6/6 levels left

rFire    . . .     SeeInvis .   a - +0 hand axe
rCold    . . .     Gourm    .   (no shield)
rNeg     + . .     Faith    .   b - +0 animal skin
rPois    ∞         Spirit   .   (no helmet)
rElec    +         Reflect  .   (no cloak)
rCorr    +         Harm     .   (no gloves)
MR       .....                  (no boots)
Stlth    +.........             (no amulet)
HPRegen  0.14/turn              h - ring of resist corrosion
MPRegen  0.10/turn              (no ring)

@: no status effects
A: negative energy resistance 1, electricity resistance, unbreathing,
petrification resistance, rot immunity, AC +4
a: Berserk, Trog's Hand, Renounce Religion


You were on level 4 of the Dungeon.
You worshipped Trog.
Trog was most pleased with you.
You were not hungry.

You visited 1 branch of the dungeon, and saw 4 of its levels.

You collected 112 gold pieces.

Inventory:

Hand Weapons
 a - a +0 hand axe (weapon)
Armour
 b - a +0 animal skin (worn)
Jewellery
 h - a ring of resist corrosion (left hand)
 r - an uncursed amulet of harm {unknown}
 s - a cursed -3 ring of evasion {unknown}
Wands
 l - a wand of disintegration (11)
 n - a wand of random effects (13)
Scrolls
 d - 2 scrolls of remove curse {unknown}
 m - 3 scrolls of identify {unknown}
 o - a scroll of noise {unknown}
 p - a scroll of magic mapping {unknown}
 t - 2 scrolls of fog {unknown}
 u - a scroll of amnesia {unknown}
Potions
 e - 5 potions of curing {unknown}
 g - a potion of agility {unknown}
 i - a potion of heal wounds {unknown}
 j - 2 potions of mutation {unknown}
 k - a potion of lignification {unknown}
 q - a potion of resistance {unknown}
Comestibles
 c - 6 rations
 f - 3 chunks of flesh


   Skills:
 + Level 5.1 Fighting
 + Level 4.1 Axes
 + Level 4.4 Armour
 + Level 3.2 Dodging


You had 6 spell levels left.
You didn't know any spells.
Your spell library was empty.

Dungeon Overview and Level Annotations

Branches:
Dungeon (4/15)
 Temple: D:4-7

Altars:


Innate Abilities, Weirdness & Mutations

You are resistant to torment.
Your stone body is resilient. (AC +4)
You are immune to poison.
You resist negative energy. (rN+)
You are resistant to electric shocks. (rElec)
You can survive without breathing.
You are immune to petrification.
You are immune to rotting.


Message History

The iguana closely misses you.
You slash the iguana!
The iguana is almost dead.
The iguana barely misses you.
You barely miss the iguana.
The iguana is almost dead.
The iguana barely misses you.
You hit the iguana but do no damage.
The iguana is almost dead.
The iguana bites you!
* * * LOW HITPOINT WARNING * * *
The iguana bites you.
* * * LOW HITPOINT WARNING * * *
You hit the iguana but do no damage.
The iguana is almost dead.
The iguana closely misses you.
You barely miss the iguana.
The iguana is almost dead.
The iguana bites you!
You die...

#### ..# ### #######
#l##.. ..#....
#@#..# #.#.###
#)#..# #.#.# #
#)#..#######.#.###
###.#>..............
#!.....#######.#.###
#...#..#######.#.###
#####..#<......#.#..
#......#########.#.#
#.##...# #.#..


You could see an iguana.

Vanquished Creatures
  Sigmund (D:3)
  A hound (D:2)
  2 worker ants (D:4)
  A hound skeleton (D:4)
  3 gnolls (D:4)
  8 adders
  2 oozes
  An adder skeleton (D:4)
  3 worms
  A dart slug (D:2)
  2 leopard geckos (D:1)
  6 orcs
  A ball python (D:1)
  2 giant cockroaches
  14 goblins
  4 hobgoblins
  5 kobolds
  3 quokkas
  7 bats
  5 frilled lizards
  10 rats
82 creatures vanquished.

Notes
Turn   | Place    | Note
-------+----------+-------------------------------------------
     0 | D:1      | Fang the Gargoyle Berserker began the quest for the Orb.
     0 | D:1      | Reached XP level 1. HP: 14/14 MP: 1/1
   181 | D:1      | Reached XP level 2. HP: 14/19 MP: 2/2
   585 | D:1      | Reached XP level 3. HP: 21/23 MP: 3/3
   754 | D:2      | Reached XP level 4. HP: 22/29 MP: 4/4
  1138 | D:2      | Reached ** piety under Trog
  1138 | D:2      | Reached skill level 4 in Fighting
  1475 | D:2      | Reached XP level 5. HP: 24/33 MP: 5/5
  1946 | D:3      | Noticed Sigmund
  1968 | D:3      | Killed Sigmund
  1968 | D:3      | Reached XP level 6. HP: 36/39 MP: 6/6
  2749 | D:4      | Reached *** piety under Trog
  2779 | D:4      | Reached skill level 5 in Fighting
  2894 | D:4      | Reached XP level 7. HP: 32/44 MP: 7/7
  2967 | D:4      | Slain by an iguana

Skill      XL: |  1  2  3  4  5  6 |
---------------+-------------------+-----
Axes           | 3 4 |  4.1
Dodging        | 2 3 |  3.2
Armour         | 3 4 |  4.4
Fighting       | 4 5 |  5.1

Action                   |  1- 3 |  4- 6 |  7- 9 || total
-------------------------+-------+-------+-------++-------
Melee: Hand axe          |    82 |   254 |    24 ||   360
Invok: Berserk           |     1 |     3 |       ||     4
 Stab: Sleeping          |     2 |     1 |       ||     3
  Eat: Chunk             |     1 |    10 |       ||    11
Armor: Animal skin       |    29 |    94 |     5 ||   128
Dodge: Dodged            |    66 |   162 |    15 ||   243
